 Dungeon Crawl Stone Soup version 0.30.1-9-gdf580d7c3d (webtiles) character file.

Game seed: 16471624629436553794

6535 Odyseus the Slicer (level 10, -7/76 HPs)
             Began as a Demonspawn Wanderer on Oct 10, 2023.
             Was a Priest of Ashenzari.
             Mangled by a cyclops (21 damage)
             ... on level 12 of the Dungeon.
             The game lasted 01:13:49 (8013 turns).

Odyseus the Slicer (Demonspawn Wanderer)            Turns: 8013, Time: 01:13:50

Health: -7/76      AC:  9    Str: 11    XL:     10   Next: 69%
Magic:  26/27      EV: 17    Int: 11    God:    Ashenzari [***...]
Gold:   586        SH:  0    Dex: 19    Spells: 10/20 levels left

rFire   . . .        d - +3 short sword "Per Aspera Ad Scientiam" {speed, Comp, Fort} (curse)
rCold   + . .        c - orb {mayhem}
rNeg    . . .        g - +3 leather armour "Eternal Oracle" {rPois, Comp, Cun} (curse)
rPois   +            (no helmet)
rElec   .            (no cloak)
rCorr   .            b - +0 pair of gloves of Supernal Wisdom {Evo, Cun} (curse)
SInv    +            (no boots)
Will    .....        (no amulet)
Stlth   ++++         k - ring of the Unyielding Gaze {rC+, Melee, Evo} (curse)
HPRegen 0.32/turn    o - ring "Cosmic Repose" {MP+9, Melee, Cun} (curse)
MPRegen 0.20/turn

%: mayhem, clarity
@: no status effects
A: slimy green scales 1, spiny 2, weakness stinger 2, dopey 1
a: Renounce Religion, Shatter the Chains


You were on level 12 of the Dungeon.
You worshipped Ashenzari.
Ashenzari was most pleased with you.
You visited 3 branches of the dungeon, and saw 14 of its levels.
You also visited: Sewer.

You collected 586 gold pieces.

Inventory:

Hand Weapons
 a - a +3 short sword
 d - the cursed +3 short sword "Per Aspera Ad Scientiam" (weapon) {speed, Comp, Fort}
   (You found it on level 4 of the Dungeon)

   It has a curse which improves the following skills: Companions: Summonings
   and Necromancy.
   Fortitude: Armour and Shields.
Armour
 b - the cursed +0 pair of gloves of Supernal Wisdom (worn) {Evo, Cun}

   It has a curse which improves the following skills: Evocations: Evocations.
   Cunning:   Dodging and Stealth.
 c - an orb of mayhem (worn)
 g - the cursed +3 leather armour "Eternal Oracle" (worn) {rPois, Comp, Cun}
   (You took it off Eustachio on level 5 of the Dungeon)

   It has a curse which improves the following skills: Companions: Summonings
   and Necromancy.
   Cunning:   Dodging and Stealth.
 I - a +1 pair of gloves
 K - the +0 robe of Daor {rC+ rN++ Stlth+}
   (You found it on level 11 of the Dungeon)

   rC:        It protects you from cold.
   rN:        It greatly protects you from negative energy.
   Stlth:     It makes you more stealthy.
Magical Staves
 j - a staff of conjuration
 v - a staff of earth
 y - a staff of conjuration
Jewellery
 k - the cursed ring of the Unyielding Gaze (left hand) {rC+, Melee, Evo}
   (You found it on level 1 of the Dungeon)

   [ring of protection from cold]

   rC:        It protects you from cold.
   It has a curse which improves the following skills: Melee Combat: Short
   Blades, Long Blades, Axes, Maces & Flails, Polearms, Staves and Unarmed
   Combat.
   Evocations: Evocations.
 o - the cursed ring "Cosmic Repose" (right hand) {MP+9, Melee, Cun}
   (You acquired it on level 4 of the Dungeon)

   [ring of magical power]

   MP:        It affects your magic capacity (+9).
   It has a curse which improves the following skills: Melee Combat: Short
   Blades, Long Blades, Axes, Maces & Flails, Polearms, Staves and Unarmed
   Combat.
   Cunning:   Dodging and Stealth.
Wands
 p - a wand of paralysis (7)
 s - a wand of roots (21)
 D - a wand of flame (15) (quivered)
Scrolls
 e - 2 scrolls of blinking
 h - 2 scrolls of silence
 i - 2 scrolls of noise
 n - 2 scrolls of enchant armour
 r - 3 scrolls of amnesia
 z - 4 scrolls of identify
 B - 3 scrolls of teleportation
 C - a scroll of torment
 E - 4 scrolls of vulnerability
 G - a scroll of enchant weapon
Potions
 f - a potion of lignification
 l - a potion of cancellation
 m - 2 potions of might
 q - a potion of brilliance
 u - 2 potions of attraction
 A - 3 potions of haste
 F - 2 potions of magic


   Skills:
 + Level 6.0 Fighting
 + Level 8.6(10.9) Short Blades
 + Level 3.6(5.0) Armour
 + Level 5.6(8.5) Dodging
 + Level 6.2(9.2) Stealth
 + Level 5.7 Spellcasting
 + Level 4.9 Hexes
 + Level 1.0(2.3) Summonings


You had 10 spell levels left.
You knew the following spells:

 Your Spells              Type           Power      Damage    Failure   Level
a - Slow                  Hex            56%        N/A       3%          1
b - Tukima's Dance        Hex            14%        N/A       10%         3
c - Confusing Touch       Hex            14%        N/A       10%         3
d - Call Canine Familiar  Summ           8%         N/A       28%         3

Your spell library contained the following spells:

 Spells                   Type           Power      Damage    Failure   Level
 Kiss of Death            Conj/Necr      12%        2d6       24%         1
 Portal Projectile        Hex/Tloc       16%        N/A       28%         3
 Leda's Liquefaction      Hex/Erth       4%         N/A       67%         4
 Summon Ice Beast         Ice/Summ       5%         N/A       83%         4
 Summon Mana Viper        Hex/Summ       11%        N/A       83%         5
 Dispel Undead            Necr           3%         3d7       92%         4
 Passage of Golubria      Tloc           3%         N/A       94%         4
 Yara's Violent Unravell  Hex/Tmut       4%         3d4       95%         5
 Monstrous Menagerie      Summ           4%         N/A       100%        7


Dungeon Overview and Level Annotations

Branches:
Dungeon (12/15)            Temple (1/1) D:6            Lair (0/5) D:10
    Orc (1/2) D:11          Sewer (visited)

Altars:
Ashenzari
Cheibriados
Dithmenos
Fedhas
Gozag
Hepliaklqana
Kikubaaqudgha
Makhleb
Nemelex Xobeh
Okawaru
Qazlal
Ru
Sif Muna
Trog
Uskayaw
Vehumet
Wu Jian
Xom
Yredelemnul

Shops:
D:10 *:

Annotations:
Temple 2 transporters


Innate Abilities, Weirdness & Mutations

You are partially covered in slimy green scales. (AC +2)
You are mostly covered in sharp spines.
You have a tail ending in a sharp stinger.
You are dopey. (Int -2)


Message History

Aim: a cyclops, quivering large rocks (black smoke, severely wounded, about 10% to evade the cursed +3 short sword "Per Aspera Ad Scientiam")
You hit the cyclops.
The cyclops is severely wounded.
Unknown command.
Hit: d) +3 short sword "Per Aspera Ad Scientiam" {speed, Comp, Fort} (curse)
Press: ? - help, Dir - move target, f/p - cyclops
Aim: a cyclops, quivering large rocks (black smoke, severely wounded, about 10% to evade the cursed +3 short sword "Per Aspera Ad Scientiam")
You hit the cyclops but do no damage.
The cyclops is severely wounded.
The cyclops hits you.
* * * LOW HITPOINT WARNING * * *
Unknown command.
Hit: d) +3 short sword "Per Aspera Ad Scientiam" {speed, Comp, Fort} (curse)
Press: ? - help, Dir - move target, f/p - cyclops
Aim: a cyclops, quivering large rocks (black smoke, severely wounded, about 10% to evade the cursed +3 short sword "Per Aspera Ad Scientiam")
You hit the cyclops.
The cyclops is severely wounded.
Unknown command.
Aiming: Throw Flame
Press: ? - help, Q - select action, (/) - cycle Shift-Dir - straight line, f/p - cyclops
Aim: a cyclops, quivering large rocks (black smoke, severely wounded, 97% to hit)
The puff of flame hits the cyclops but does no damage.
The cyclops is severely wounded.
Aiming: Throw Flame
Press: ? - help, Q - select action, (/) - cycle Shift-Dir - straight line, f/p - cyclops
Aim: a cyclops, quivering large rocks (black smoke, severely wounded, 97% to hit)
Okay, then.
Hit: d) +3 short sword "Per Aspera Ad Scientiam" {speed, Comp, Fort} (curse)
Press: ? - help, Dir - move target, f/p - cyclops
Aim: a cyclops, quivering large rocks (black smoke, severely wounded, about 10% to evade the cursed +3 short sword "Per Aspera Ad Scientiam")
You puncture the cyclops!
The cyclops is severely wounded.
Unknown command.
Hit: d) +3 short sword "Per Aspera Ad Scientiam" {speed, Comp, Fort} (curse)
Press: ? - help, Dir - move target, f/p - cyclops
Aim: a cyclops, quivering large rocks (black smoke, severely wounded, about 10% to evade the cursed +3 short sword "Per Aspera Ad Scientiam")
You hit the cyclops but do no damage.
The cyclops is severely wounded.
The cyclops is struck by your spines. The cyclops hits you!!
You die...

...###........####
#..........# #.##
####.##### ########'###
..# #.# ##..# .##
#.#*### ##..## #* #..
.. #..## * ###* #.
##.## #####§### #..# *
* #...§§§§######'######
, *
#....§§@##..........#
##....§§C##..........#
,
,.....§§§§§...........#
##......§#...........#
, #.§.§...##..........#
##.###########'######
#. *** #..C# # , **
###.## *** ,* #..#


You could see a cyclops.

Vanquished Creatures
  A manticore (D:10)
  A troll (D:10)
  Eustachio (D:5)
  5 yaks (D:11)
  A steam dragon (D:8)
  Grum (D:8)
  Menkaure (D:5)
  4 vampire mosquitoes (D:12)
  Edmund (D:5)
  4 water moccasins
  A black bear (D:5)
  An ice beast (D:6)
  5 orc warriors
  2 ogres
  2 wolves (D:8)
  4 centaurs (D:11)
  3 phantoms
  3 kobold brigands
  A gnoll sergeant (D:8)
  2 scorpions
  6 bullfrogs
  Dowan (D:4)
  9 killer bees (D:9)
  2 nameless horrors (D:9)
  2 jellies
  A hound (D:6)
  4 orc priests
  A sleepcap (D:8)
  A gnoll bouda (D:7)
  6 iguanas
  5 orc wizards
  7 gnolls
  5 adders
  A shadow imp (D:7)
  A white imp (D:5)
  5 dart slugs
  21 orcs
  13 ball pythons
  4 bats
  15 endoplasms
  14 giant cockroaches
  5 goblins
  7 hobgoblins
  9 quokkas
  11 frilled lizards
  14 kobolds
  2 rats
216 creatures vanquished.

Vanquished Creatures (collateral kills)
  Duvessa (D:4)
  An orc warrior (D:11)
  An orc priest (D:11)
  3 orc wizards
  3 orcs (D:11)
  A spectral orc (D:9)
10 creatures vanquished.

Vanquished Creatures (others)
  4 dancing weapons
  An orc priest (D:11)
  An orc wizard (D:11)
  An orc (D:11)
  2 kobolds (D:8)
9 creatures vanquished.

Grand Total: 235 creatures vanquished

Notes
Turn   | Place    | Note
-------+----------+-------------------------------------------
     0 | D:1      | Odyseus the Demonspawn Wanderer began the quest for the
                  | Orb.
     0 | D:1      | Odyseus set off with the following items: a +2 short sword,
                  | a +0 pair of gloves, a scroll of fear, a +0 robe; and the
                  | following spell memorised: Slow; and the following spells
                  | available to memorise: Tukima's Dance.
     0 | D:1      | Reached XP level 1. HP: 16/16 MP: 3/3
   372 | D:1      | Reached skill level 3 in Short Blades
   429 | D:1      | Gained mutation: You are partially covered in sharp spines.
                  | [demonic ancestry]
   429 | D:1      | Reached XP level 2. HP: 17/22 MP: 5/5
   891 | D:2      | Gained mutation: You are partially covered in slimy green
                  | scales. (AC +2) [demonic ancestry]
   891 | D:2      | Reached XP level 3. HP: 27/27 MP: 6/6
  1116 | D:2      | Learned a level 3 spell: Tukima's Dance
  1289 | D:2      | You fall into a shaft and drop 2 floors!
  1343 | D:4      | Found a glowing drain.
  1355 | D:4      | Reached XP level 4. HP: 27/33 MP: 7/7
  1371 | Sewer    | Entered a sewer
  1610 | Sewer    | Noticed a bullfrog
  1610 | Sewer    | Noticed a bullfrog
  1621 | Sewer    | Killed a bullfrog
  1622 | Sewer    | Reached skill level 4 in Short Blades
  1622 | Sewer    | Reached skill level 1 in Dodging
  1622 | Sewer    | Reached XP level 5. HP: 18/39 MP: 8/8
  1741 | D:4      | Noticed Duvessa
  1761 | D:4      | Noticed Dowan
  1766 | D:5      | Entered Level 5 of the Dungeon
  1766 | D:5      | Noticed a black bear
  1844 | D:5      | Noticed Edmund
  1858 | D:6      | Noticed a water moccasin
  1869 | D:6      | Noticed a phantom
  1885 | D:6      | Killed a phantom
  1886 | D:6      | Gained mutation: You have a small tail. [demonic ancestry]
  1886 | D:6      | Reached XP level 6. HP: 30/46 MP: 9/9
  2131 | D:6      | Found a staircase to the Ecumenical Temple.
  2140 | Temple   | Entered the Ecumenical Temple
  2140 | Temple   | Found a transporter.
  2140 | Temple   | Found a transporter.
  2142 | Temple   | Found a transporter.
  2142 | Temple   | Found a transporter.
  2186 | Temple   | Became a worshipper of Ashenzari the Shackled
  2236 | Temple   | Killed a water moccasin
  2237 | Temple   | Reached skill level 5 in Short Blades
  2237 | Temple   | Reached XP level 7. HP: 23/52 MP: 7/10
  2433 | D:5      | Noticed Eustachio
  2474 | D:5      | Killed Eustachio
  2581 | D:4      | Killed Duvessa
  2582 | D:4      | Gained mutation: You are mostly covered in sharp spines.
                  | [demonic ancestry]
  2582 | D:4      | Reached XP level 8. HP: 57/60 MP: 9/12
  2584 | D:4      | Killed Dowan
  2595 | D:4      | Identified a scroll of acquirement
  2595 | D:4      | Acquired a ring of magical power
  2866 | D:3      | Found a sparkling altar of Nemelex Xobeh.
  3009 | D:3      | Found a faded altar of an unknown god.
  3480 | D:5      | Reached skill level 6 in Short Blades
  3492 | D:5      | Killed Edmund
  3738 | D:5      | Noticed Menkaure
  3742 | D:5      | Killed Menkaure
  3949 | D:6      | Found a sacrificial altar of Ru.
  3953 | D:6      | Found an ornate altar of the Wu Jian Council.
  3961 | D:6      | Learned a level 3 spell: Confusing Touch
  4185 | D:7      | Reached XP level 9. HP: 56/66 MP: 15/15
  4383 | D:7      | Reached skill level 5 in Stealth
  4384 | D:7      | Reached * piety under Ashenzari
  4855 | D:7      | Learned a level 3 spell: Call Canine Familiar
  4924 | D:8      | Gained mutation: You are dopey. (Int -2) [potion of
                  | mutation]
  4939 | D:8      | Noticed Grum
  4959 | D:8      | Killed Grum
  4987 | D:8      | Reached skill level 7 in Short Blades
  5270 | D:8      | Reached ** piety under Ashenzari
  5434 | D:9      | Found a hazy altar of Hepliaklqana.
  5566 | D:9      | Found a shadowy altar of Dithmenos.
  5777 | D:9      | Reached skill level 5 in Fighting
  5777 | D:9      | Reached skill level 5 in Spellcasting
  5976 | D:9      | Gained mutation: You have a tail ending in a sharp stinger.
                  | [demonic ancestry]
  5976 | D:9      | Reached XP level 10. HP: 67/74 MP: 17/17
  6089 | D:10     | Entered Level 10 of the Dungeon
  6152 | D:10     | Found a staircase to the Lair.
  6152 | D:10     | Noticed a death yak
  6152 | D:10     | Noticed a death yak
  6155 | D:10     | Noticed a nameless horror
  6155 | D:10     | Noticed a death yak
  6247 | D:10     | Noticed a manticore
  6306 | D:10     | Found Jouqiulio's Book Boutique.
  6341 | D:10     | Killed a manticore
  6533 | D:10     | Found Haanad's Island Escapes.
  7185 | D:11     | Reached *** piety under Ashenzari
  7270 | D:11     | Reached skill level 5 in Dodging
  7280 | D:11     | Reached skill level 8 in Short Blades
  7289 | D:11     | Reached skill level 1 in Summonings
  7354 | D:11     | Identified the +0 robe of Daor {rC+ rN++ Stlth+}
  7562 | D:11     | Found a staircase to the Orcish Mines.
  7730 | Orc:1    | Entered Level 1 of the Orcish Mines
  7952 | D:12     | Noticed a cyclops
  7987 | D:12     | HP: 2/76 [cyclops/large rock (17)]
  8013 | D:12     | Mangled by a cyclops

Illustrated notes

Levels and vault maps discovered:
D:1:      dpeg_arrival_concentric_ovals, layout_basic, minmay_hexomino_u4
D:2:      layout_basic
D:3:      layout_rooms, nemelex_diamond_rough_becter,
          ebering_ecumenical_altar_sacrificial
D:4:      layout_rooms, portal_sewer_entry_f, kennysheep_generic_room_15,
          uniq_duvessa
D:5:      layout_rooms, corexii_item_surrounded_by_moat, minmay_crystal_water,
          chequers_serial_rivers_large_b, minivault_19, uniq_eustachio,
          uniq_edmund, uniq_menkaure
D:6:      layout_basic, nicolae_overflow_hidden_temple,
          minmay_temple_entry_wispy, minivault_19
D:7:      layout_cave_pods, hangedman_abyss_or_decor_lesser_grid
D:8:      layout_basic, uniq_grum
D:9:      layout_roguey, mainiacjoe_overflow_small_starburst,
          nicolae_hepliaklqana_monster_ancestors, minivault_21
D:10:     layout_basic, dpeg_lair_monsters, serial_shops, shop,
          small_statue_alley_b, minmay_misc_feat_cross, nicolae_island_escapes
D:11:     layout_loops_ring, minmay_orc_entry_temple_large
D:12:     layout_roguey, gammafunk_ghost_abyssal_escape
Temple:   hellmonk_temple_divided_pantheon
Orc:1:    layout_diamond_mine, ebering_ghost_rock_garden, abandoned_shop,
          kennysheep_orc_sif_temple

Skill      XL: |  1  2  3  4  5  6  7  8  9 10 |
---------------+-------------------------------+-----
Short Blades   | 3 4 5 6 7 8 |  8.6
Dodging        | 1 2 3 4 5 |  5.6
Stealth        | 2 3 4 5 6 |  6.2
Fighting       | 3 4 5 6 |  6.0
Hexes          | 2 3 4 |  4.9
Spellcasting   | 3 4 5 |  5.7
Armour         | 2 3 |  3.6
Summonings     | 1 |  1.0

Action                     |  1- 3 |  4- 6 |  7- 9 | 10-12 || total
---------------------------+-------+-------+-------+-------++-------
  Melee: Short sword       |    82 |   128 |   378 |   206 ||   794
         Punch             |     1 |     1 |     6 |       ||     8
         Tailslap          |       |     2 |    64 |    36 ||   102
   Cast: Slow              |     9 |     6 |     1 |     4 ||    20
         Tukima's Dance    |       |       |    17 |       ||    17
         Call Canine Famil |       |       |     2 |     4 ||     6
 Invoke: Curse Item        |       |       |     3 |     2 ||     5
  Evoke: Wand              |       |       |       |    10 ||    10
    Use: Scroll            |       |     8 |     8 |     4 ||    20
         Potion            |       |     1 |     5 |     7 ||    13
   Stab: Sleeping          |     2 |     1 |     9 |       ||    12
         Fleeing           |       |     1 |       |       ||     1
         Distracted        |       |       |     2 |     4 ||     6
 Armour: Robe              |    28 |    29 |    22 |       ||    79
         Leather armour    |       |       |    55 |    21 ||    76
  Dodge: Dodged            |    33 |    55 |   172 |   101 ||   361
